 Dungeon Crawl Stone Soup version 0.31-a0-818-ge7c7cf74f0 (webtiles) character file.

Game seed: 1337797577790900967

85 Essalna the Conjurer (level 4, 0/30 HPs)
             Began as a Demonspawn Conjurer on Sept 23, 2023.
             Slain by an orc wizard
             ... wielding a +0 dagger
              (3 damage)
             ... on level 4 of the Dungeon.
             The game lasted 00:02:09 (1634 turns).

Essalna the Conjurer (Demonspawn Conjurer)          Turns: 1634, Time: 00:02:10

Health: 0/30       AC:  2    Str:  8    XL:     4   Next: 25%
Magic:  8/8        EV: 12    Int: 25    God:
Gold:   65         SH:  0    Dex: 11    Spells: 8/9 levels left

rFire   . . .        d - +2 dagger (drain)
rCold   . . .        (no shield)
rNeg    . . .        a - +0 robe
rPois   .            (no helmet)
rElec   .            (no cloak)
rCorr   .            (no gloves)
SInv    .            (no boots)
Will    .....        (no amulet)
Stlth   ++           (no ring)
HPRegen 0.25/turn    (no ring)
MPRegen 0.11/turn

%: no passive effects
@: no status effects
A: demonic guardian 1, big brain 2
a: no special abilities


You were on level 4 of the Dungeon.
You visited 1 branch of the dungeon, and saw 4 of its levels.

You collected 65 gold pieces.

Inventory:

Hand Weapons
 d - a +2 dagger of draining (weapon)
Missiles
 f - a throwing net
Armour
 a - a +0 robe (worn)
Magical Staves
 e - a staff of fire
Scrolls
 g - 2 scrolls of vulnerability {unknown}
Potions
 b - a potion of magic
 c - a potion of heal wounds {unknown}


   Skills:
 - Level 1.7 Dodging
 - Level 1.7 Stealth
 + Level 3.3 Spellcasting
 + Level 5.0 Conjurations


You had 8 spell levels left.
You knew the following spells:

 Your Spells              Type           Power      Damage    Failure   Level
a - Magic Dart            Conj           100%       1d8       1%          1

Your spell library contained the following spells:

 Spells                   Type           Power      Damage    Failure   Level
 Searing Ray              Conj           58%        2d6       1%          2
 Dazzling Flash           Conj/Hex       32%        N/A       11%         3
 Fulminant Prism          Conj/Hex       8%         3d7       34%         4
 Iskenderun's Mystic Bla  Conj/Tloc      16%        2d5       34%         4


Dungeon Overview and Level Annotations

Branches:
Dungeon (4/15)
 Temple: D:4-7

Altars:

Shops:
D:3 (


Innate Abilities, Weirdness & Mutations

A weak demonic guardian rushes to your aid.
You have an extremely huge brain. (Int +4)


Message History

Your ufetubus hits the orc wizard. The hound misses your ufetubus.
Your ufetubus hits the orc wizard.
Your ufetubus barely misses the orc wizard.
The orc wizard points at your ufetubus and mumbles some strange words.
Your ufetubus resists with significant effort.
The hound bites your ufetubus.
Your ufetubus misses the hound.
Your ufetubus closely misses the hound.
The hound closely misses your ufetubus. The orc wizard misses you.
Your ufetubus hits the hound.
Your ufetubus hits the hound but does no damage.
The hound bites your ufetubus.
The orc wizard barely misses your ufetubus.
Your ufetubus hits the hound. Your ufetubus misses the hound.
Your ufetubus disappears in a puff of smoke!
The hound closely misses you. The orc wizard misses you. The hound bites you.
* * * LOW HITPOINT WARNING * * *
A demonic guardian appears!
The orc wizard closely misses you. The hound barely misses you.
The orc wizard hits you with a +0 dagger.
* * * LOW HITPOINT WARNING * * *
The hound barely misses you.
Your quasit misses the hound.
Your quasit closely misses the hound.
Your quasit misses the hound. The hound barely misses you.
The orc wizard hits you with a +0 dagger.
* * * LOW HITPOINT WARNING * * *
The hound bites you but does no damage.
Your quasit completely misses the hound.
Your quasit closely misses the hound. x2
The orc wizard hits you but does no damage.
The hound barely misses you.
Your quasit bites the hound but does no damage.
Your quasit barely misses the hound.
Your quasit closely misses the hound.
The hound misses you.
Your quasit bites the hound.
Your quasit claws the hound.
Your quasit claws the hound but does no damage.
The orc wizard misses you. The hound completely misses you.
Your quasit bites the hound.
Your quasit barely misses the hound.
Your quasit claws the hound.
The orc wizard hits you with a +0 dagger.
You die...

##### ##
...##########.##
##.##..........#.#
#<........5......#
#.........h@#
#.###.#.###o# #.#
#.#.# #o# ..#
#.#.# #.# ...#
#.#.# #.# ....#
#.#.# ..# ......
#.#.# ### ..#.#
#.#


You could see a hound (ally target), an orc wizard, an orc and a friendly quasit
(summoned).

Vanquished Creatures
  4 adders (D:2)
  2 gnolls (D:2)
  A worm (D:2)
  A bat (D:2)
  An endoplasm (D:2)
  A giant cockroach (D:3)
  A goblin (D:2)
  A hobgoblin (D:2)
  2 quokkas
  4 ball pythons
  A frilled lizard (D:3)
  2 kobolds (D:1)
21 creatures vanquished.

Vanquished Creatures (collateral kills)
  An orc (D:4)
  An endoplasm (D:3)
  A quokka (D:2)
3 creatures vanquished.

Vanquished Creatures (others)
  An orc wizard (D:4)
1 creature vanquished.

Grand Total: 25 creatures vanquished

Notes
Turn   | Place    | Note
-------+----------+-------------------------------------------
     0 | D:1      | Essalna the Demonspawn Conjurer began the quest for the
                  | Orb.
     0 | D:1      | Reached XP level 1. HP: 13/13 MP: 3/3
   698 | D:2      | Gained mutation: You have an unusually large brain. (Int
                  | +2) [demonic ancestry]
   698 | D:2      | Reached XP level 2. HP: 8/19 MP: 0/5
   899 | D:2      | Gained mutation: A weak demonic guardian rushes to your
                  | aid. [demonic ancestry]
   899 | D:2      | Reached XP level 3. HP: 16/24 MP: 0/7
  1220 | D:2      | Found a faded altar of an unknown god.
  1367 | D:2      | Gained mutation: You have an extremely huge brain. (Int +4)
                  | [demonic ancestry]
  1367 | D:2      | Reached XP level 4. HP: 30/30 MP: 3/8
  1476 | D:3      | Found Kucoruf's Weapon Boutique.
  1615 | D:4      | Reached skill level 5 in Conjurations
  1634 | D:4      | Slain by an orc wizard

Illustrated notes

Levels and vault maps discovered:
D:1:      giann_wishing_wells, layout_basic, serial_bayou_pond_a
D:2:      layout_basic, dreamdust_ecumenical_altar_hidden_monk_grotto,
          nicolae_grassy_gnolls
D:3:      layout_basic, mainiacjoe_overflow_alcove_3, serial_shops,
          nicolae_diamond_shop
D:4:      due_chaos_kobolds, layout_loops_ring

Skill      XL: |  1  2  3  4 |
---------------+-------------+-----
Spellcasting   | 3 |  3.3
Conjurations   | 5 |  5.0
Dodging        | |  1.7
Stealth        | |  1.7

Action                     |  1- 3 |  4- 6 || total
---------------------------+-------+-------++-------
  Melee: Dagger            |     8 |     3 ||    11
   Cast: Magic Dart        |    39 |     4 ||    43
   Stab: Sleeping          |     2 |       ||     2
 Armour: Robe              |     7 |    28 ||    35
  Dodge: Dodged            |     6 |    28 ||    34

Table legend: (Time is in decaauts)
 A = Elapsed time spent in this place.
 B = Non-inter-level travel time spent in this place.
 C = Inter-level travel time spent in this place.
 D = Time resting spent in this place.
 E = Time spent auto-exploring this place.
 F = Levels seen in this place.
 G = Mean time per level.
                   A        B        C        D        E       F      G
               +--------+--------+--------+--------+--------+-----+--------+
         Total |   1635 |   1603 |     32 |    116 |   1205 |   4 |  408.8 |
       Dungeon |   1635 |   1603 |     32 |    116 |   1205 |   4 |  408.8 |
               +--------+--------+--------+--------+--------+-----+--------+

Top non-repeatable levels by time:
     D:2: 777 daAuts
     D:1: 653 daAuts
     D:3: 154 daAuts
     D:4: 49 daAuts
